 Dungeon Crawl Stone Soup version 0.30.1-1-g62c8e00024 (webtiles) character file.

Game seed: 15491796771117239308

151 cheesebisquit the Ruffian (level 5, -4/53 HPs)
             Began as a Troll Fighter on July 15, 2023.
             Killed from afar by a white imp (9 damage)
             ... with a puff of frost
             ... on level 4 of the Dungeon.
             The game lasted 00:05:20 (1944 turns).

cheesebisquit the Ruffian (Troll Fighter)           Turns: 1944, Time: 00:05:20

Health: -4/53      AC:  4    Str: 24    XL:     5   Next: 11%
Magic:  4/4        EV:  8    Int:  6    God:
Gold:   203        SH:  8    Dex:  9    Spells: 4/4 levels left

rFire   . .          .
                       - Unarmed
rCold   . . .        b - +0 kite shield
rNeg    . . .        a - +0 robe
rPois   .            (helmet restricted)
rElec   .            (no cloak)
rCorr   .            (gloves unavailable)
SInv    .            (boots unavailable)
Will    .....        (no amulet)
Stlth   +            (no ring)
HPRegen 1.08/turn    (no ring)
MPRegen 0.09/turn

%: no passive effects
@: mighty
A: large, unfitting armour, claws 3, regeneration 1, shaggy fur 1, tough skin 1
a: no special abilities


You were on level 4 of the Dungeon.
You visited 1 branch of the dungeon, and saw 4 of its levels.

You collected 203 gold pieces.

Inventory:

Missiles
 t - 2 boomerangs (quivered)
 w - 2 curare-tipped darts
Armour
 a - a +0 robe (worn)
 b - a +0 kite shield (worn)
Scrolls
 i - a scroll of brand weapon {unknown}
 j - a scroll of enchant weapon
 l - a scroll of enchant armour {unknown}
 n - a scroll of immolation
 p - 2 scrolls of vulnerability
 r - a scroll of blinking {unknown}
 u - a scroll of teleportation {unknown}
 v - a scroll of poison {unknown}
 x - a scroll of amnesia {unknown}
Potions
 d - a potion of brilliance
 e - a potion of magic {unknown}
 g - a potion of heal wounds {unknown}
 k - a potion of cancellation {unknown}
 m - a potion of haste {unknown}
 o - a potion of resistance {unknown}
 q - a potion of attraction {unknown}
 s - a potion of invisibility {unknown}


   Skills:
 + Level 3.1 Fighting
 - Level 2.4 Dodging
 + Level 3.5 Shields
 * Level 4.0 Unarmed Combat


You had 4 spell levels left.
You didn't know any spells.
Your spell library was empty.

Dungeon Overview and Level Annotations

Branches:
Dungeon (4/15)
 Temple: D:4-7

Altars:
Gozag


Innate Abilities, Weirdness & Mutations

You are too large for most types of armour.
You have claws for hands.
Your natural rate of healing is unusually fast.
You are covered in fur. (AC +1)
You have tough skin. (AC +1)


Message History

* * * LOW HITPOINT WARNING * * *
You feel better. The endoplasm freezes you.
You are frozen.
The white imp laughs crazily.
The orc wizard gestures wildly while chanting.
The orc wizard flickers and vanishes!
Deactivating autopickup; reactivate with Ctrl-A.
The orc priest looks satisfied for a moment.
You feel better. You block the endoplasm's attack. Something hits you.
The orc priest hits you but does no damage.
You scratch the orc priest but do no damage.
The orc priest is severely wounded.
You hear some strange, mumbled words.
A magic dart appears from out of thin air!
The magic dart hits you. The white imp hits you. The white imp freezes you.
The endoplasm barely misses you.
The orc priest calls down the wrath of Beogh upon you.
Beogh smites you!
* * * LOW HITPOINT WARNING * * *
You scratch the orc priest but do no damage.
The orc priest is severely wounded.
You block the white imp's attack. Something hits you.
* * * LOW HITPOINT WARNING * * *
You block the endoplasm's attack. The orc priest barely misses you.
You feel very mighty all of a sudden. The endoplasm freezes you.
You are frozen.
* * * LOW HITPOINT WARNING * * *
You block the white imp's attack. You block something's attack.
The orc priest hits you with a +0 flail.
* * * LOW HITPOINT WARNING * * *
You barely miss the orc priest.
The orc priest is severely wounded.
The endoplasm freezes you.
You are frozen.
* * * LOW HITPOINT WARNING * * *
The white imp gestures at you. The puff of frost hits you!
You die...

........###..J...$o..
.......... ......o...
.........# #.........
.........# #.........
.........###.........
..........###o#.#.###
#.##..l............
#.##.5o#.J.........
#<##..@#...........
#.....{J.######....
.............#...........
....#####.##......... ...
## #............ ..
#....P.......
..PPP........
..P♣.........
#......##..###


You could see an iguana, an orc priest, a white imp and an endoplasm.

Vanquished Creatures
  An orc priest (D:4)
  3 gnolls (D:3)
  An adder (D:3)
  A worm (D:2)
  3 dart slugs
  An orc (D:3)
  4 ball pythons
  8 bats
  8 endoplasms
  6 giant cockroaches
  7 goblins
  3 hobgoblins (D:1)
  9 jackals
  3 quokkas
  2 frilled lizards
  4 kobolds
  2 rats
66 creatures vanquished.

Notes
Turn   | Place    | Note
-------+----------+-------------------------------------------
     0 | D:1      | cheesebisquit the Troll Fighter began the quest for the
                  | Orb.
     0 | D:1      | Reached XP level 1. HP: 22/22 MP: 0/0
    60 | D:1      | Reached XP level 2. HP: 29/29 MP: 1/1
   347 | D:1      | Reached XP level 3. HP: 33/36 MP: 2/2
   509 | D:1      | Reached skill level 3 in Unarmed Combat
  1405 | D:3      | Reached XP level 4. HP: 21/44 MP: 3/3
  1517 | D:3      | Found an opulent altar of Gozag.
  1563 | D:3      | Found a faded altar of an unknown god.
  1931 | D:4      | Reached skill level 4 in Unarmed Combat
  1931 | D:4      | Reached XP level 5. HP: 46/53 MP: 4/4
  1944 | D:4      | Killed from afar by a white imp

Illustrated notes

Levels and vault maps discovered:
D:1:      co_arrival_square_in_a_square_in_a_square, layout_basic
D:2:      layout_loops_ring
D:3:      layout_basic, nicolae_gozag_cash_rules_everything_around_me,
          basic_ecumenical_altar
D:4:      layout_rooms, mainiacjoe_overflow_alcove_2, serial_park_tiny_2,
          minivault_1

Skill      XL: |  1  2  3  4 |
---------------+-------------+-----
Shields        | 3 |  3.5
Unarmed Combat | 3 4 |  4.0
Fighting       | 3 |  3.1
Dodging        | |  2.4

Action                     |  1- 3 |  4- 6 || total
---------------------------+-------+-------++-------
  Melee: Unarmed           |   100 |    60 ||   160
    Use: Scroll            |       |     5 ||     5
         Potion            |       |     4 ||     4
   Stab: Sleeping          |     1 |       ||     1
 Armour: Robe              |    24 |    16 ||    40
  Dodge: Dodged            |    30 |    25 ||    55
  Block: Kite shield       |    28 |    24 ||    52
